Map: Persephone LE

Players

jeannysu - Winner!

  • Race: Terran Terran
  • Spawn Location: 7:00

VOD

Have the link to the VOD?

Description

Time

  • Played on: Aug. 28, 2025, 9:27 a.m.
  • Length: 18:05
Show
View Real Time Build Order
Export as new Build Order

jeannysu Terran - Winner!

Build Orders:  

Get SALT Encoding   

  12  0:00  SCV  
  13  0:17  SCV  
  14  0:31  Supply Depot  
  14  0:41  SCV  
  15  0:57  Refinery  
  15  1:01  SCV  
  15  1:03  Barracks  
  16  1:18  SCV  
  17  1:34  SCV  
  18  1:51  SCV  
  19  2:08  SCV  
  20  2:44  Command Center  
  20  2:50  Orbital Command, Barracks Tech Lab  
  20  2:54  Refinery  
  20  2:56  Supply Depot  
  20  3:21  Stimpack  
  20  3:24  Marine  
  20  3:27  SCV  
  22  3:40  Factory  
  22  3:52  Refinery  
  22  3:59  SCV  
  23  4:12  Supply Depot  
  23  4:16  SCV  
  24  4:23  Marine  
  24  4:27  Orbital Command  
  25  4:33  SCV  
  25  4:35  Refinery  
  26  4:48  Marine  
  26  4:49  Starport, Factory Tech Lab  
  27  4:50  SCV  
  28  5:04  SCV  
  28  5:07  SCV  
  30  5:21  SCV  
  30  5:24  SCV  
  30  5:27  Marauder  
  34  5:31  Siege Tank  
  34  5:38  SCV  
  38  5:41  SCV  
  39  5:51  Engineering Bay  
  39  5:55  SCV  
  39  5:57  SCV  
  41  6:00  Engineering Bay  
  41  6:05  Starport Reactor  
  41  6:16  Siege Tank  
  41  6:17  Marine  
  45  6:39  Terran Infantry Armor Level 1, Terran Infantry Weapons Level 1  
  45  6:42  Marauder  
  45  6:43  Armory  
  45  6:47  Barracks  
  47  6:58  Barracks  
  47  7:05  SCV x2  
  49  7:14  Supply Depot  
  49  7:22  SCV x2  
  49  7:25  Medivac  
  54  7:42  SCV  
  54  7:44  Marauder, SCV  
  54  7:47  Siege Tank  
  60  7:54  Supply Depot  
  60  7:58  SCV  
  61  8:01  SCV  
  62  8:13  Barracks Reactor  
  62  8:15  SCV, Barracks Reactor  
  62  8:18  SCV  
  64  8:20  Marauder  
  64  8:25  Barracks  
  64  8:28  Supply Depot  
  66  8:32  SCV  
  66  8:35  SCV  
  69  8:50  Marine, Siege Tank  
  69  8:51  Medivac  
  69  8:52  Medivac  
  78  9:09  Supply Depot  
  76  9:14  Supply Depot  
  76  9:18  Marine x2  
  76  9:19  Marine x2  
  80  9:21  Marine  
  80  9:25  Terran Infantry Weapons Level 2  
  81  9:30  Terran Infantry Armor Level 2  
  81  9:43  Marine x2  
  81  9:44  Marine  
  84  9:54  Marauder  
  84  9:56  Barracks Tech Lab  
  86  10:04  Ghost Academy  
  86  10:12  Terran Vehicle Weapons Level 1  
  92  10:24  Marauder  
  92  10:26  Siege Tank  
  91  10:31  Marine  
  91  10:32  Marine x3  
  95  10:43  Medivac  
  97  10:50  Marauder  
  97  10:54  Marauder  
  101  11:00  Supply Depot  
  101  11:11  Siege Tank  
  101  11:14  Unknown  
  101  11:15  Concussive Shells  
  101  11:19  Marauder  
  104  11:24  Marauder  
  108  11:30  Marine x2  
  108  11:31  Marine x2  
  112  11:48  Supply Depot  
  112  11:49  Marine  
  112  11:54  Marauder  
  112  11:55  Marine x2  
  112  11:56  Marine x2  
  118  12:07  Siege Tank x6  
  118  12:18  Marine, Siege Tank, Medivac x2  
  126  12:34  Supply Depot  
  126  12:37  Unknown, Terran Infantry Weapons Level 3  
  126  12:38  Marine x3  
  129  12:59  Command Center  
  129  13:39  Marine  
  83  13:40  Marine x5  
  130  13:49  Command Center  
  134  14:03  Siege Tank x7  
  134  14:04  Marine x3  
  134  14:05  Ghost x2, Marine  
  134  14:06  Supply Depot  
  144  14:29  Marine x3  
  88  14:30  Marine  
  128  14:45  Marauder x2  
  132  14:54  Marine x4  
  132  14:55  Siege Tank  
  139  15:15  Marine x2  
  139  15:18  Siege Tank x4  
  139  15:19  Marine x4  
  144  15:24  Refinery  
  144  15:29  Refinery, Siege Tank x3  
  141  15:39  Marine x2  
  141  15:44  Marine x4  
  141  16:01  Siege Tank  
  141  16:04  Marine x2  
  146  16:24  Siege Tank x7  
  146  16:29  Marauder x2  
  150  16:41  Siege Tank x2  
  150  16:46  Siege Tank  
  153  16:59  Marauder x2  
  154  17:29  Marauder x2  
Tags
 
Matchup
Co-op
Replay Pack
새 폴더
Add a new tag
Caveats
  • Supply blocks, unpowered buildings, or Contaminate may cause inaccurate times.
  • Supply counts are checked every 10 seconds.